 Dungeon Crawl Stone Soup version 0.26.1-11-gd32895ea62 (webtiles) character file.

Game seed: 237116555211143005

18 jantan the Grasshopper (level 2, -1/25 HPs)
             Began as a Palentonga Warper on May 6, 2021.
             Slain by a leopard gecko (2 damage)
             ... on level 1 of the Dungeon.
             The game lasted 00:04:53 (369 turns).

jantan the Grasshopper (Palentonga Warper)           Turns: 369, Time: 00:04:54

Health: -1/25      AC:  4    Str: 14    XL:     2   Next: 48%
Magic:  5/5        EV:  9    Int: 13    God:
Gold:   7          SH:  0    Dex:  9    Spells: 5/5 levels left

rFire    . . .     SeeInvis +   a - +0 falchion
rCold    . . .     Faith    .   (no shield)
rNeg     . . .     Spirit   .   b - +0 leather armour
rPois    .         Reflect  .   (no helmet)
rElec    .         Harm     .   (no cloak)
rCorr    .         Rampage  .   (no gloves)
Will     .....                  (no barding)
Stlth    +.........             (no amulet)
HPRegen  0.08/turn              (no ring)
MPRegen  0.09/turn              (no ring)

@: no status effects
A: large, rugged brown scales 3, see invisible, deformed body, roll 1, armoured
tail
a: Rolling Charge


You were on level 1 of the Dungeon.
You visited 1 branch of the dungeon, and saw 1 of its levels.

You collected 7 gold pieces.

Inventory:

Hand Weapons
 a - a +0 falchion (weapon)
Missiles
 e - 5 boomerangs of dispersal (quivered)
Armour
 b - a +0 leather armour (worn)
Scrolls
 c - a scroll of remove curse {unknown}
 d - a scroll of blinking


   Skills:
 + Level 2.0 Fighting
 + Level 2.1 Long Blades
 + Level 0.6 Throwing
 + Level 1.0 Armour
 + Level 1.7 Dodging
 + Level 2.0 Spellcasting
 + Level 3.5 Translocations


You had 5 spell levels left.
You didn't know any spells.
Your spell library contained the following spells:

 Spells                   Type           Power        Failure   Level
 Blink                    Tloc           N/A          11%         2
 Gell's Gravitas          Tloc           5%           22%         3
 Lesser Beckoning         Tloc           5%           22%         3
 Teleport Other           Tloc           10%          22%         3
 Passage of Golubria      Tloc           N/A          58%         4


Dungeon Overview and Level Annotations

Branches:
Dungeon (1/15)

Altars:


Innate Abilities, Weirdness & Mutations

You are completely covered in rugged brown scales. (AC +3, +7% HP)
You have supernaturally acute eyesight. (SInv)
Armour fits poorly on your strangely shaped body.
You can roll at nearby foes to attack.
You have a long armoured tail.


Message History

The leopard gecko is severely wounded.
The leopard gecko bites you.
* * * LOW HITPOINT WARNING * * *
The leopard gecko closely misses you.
The leopard gecko bites you but does no damage.
The leopard gecko bites you.
* * * LOW HITPOINT WARNING * * *
A ball python comes into view.
The ball python hisses angrily.
The leopard gecko bites you.
* * * LOW HITPOINT WARNING * * *
The ball python bites you.
* * * LOW HITPOINT WARNING * * *
The ball python closely misses you.
You barely miss the leopard gecko.
The leopard gecko is heavily wounded.
The ball python barely misses you.
The leopard gecko bites you but does no damage.
The ball python misses you. The leopard gecko bites you.
You die...

#......#.###.######
#.....#............
#..................
#..................
..................
########.#..............
........................
♣@l..............†
........S...............
♣.....♣................#
............#####...####
♣.....♣....... .......
.......................
♣.♣.♣.♣....#...........#
..........##...)........


You could see a leopard gecko and a ball python.

Vanquished Creatures
  2 oozes (D:1)
  2 giant cockroaches (D:1)
  A hobgoblin (D:1)
  A kobold (D:1)
  2 bats (D:1)
  A frilled lizard (D:1)
  A rat (D:1)
10 creatures vanquished.

Vanquished Creatures (others)
  2 plants (D:1)
2 creatures vanquished.

Grand Total: 12 creatures vanquished

Notes
Turn   | Place    | Note
-------+----------+-------------------------------------------
     0 | D:1      | jantan the Palentonga Warper began the quest for the Orb.
     0 | D:1      | Reached XP level 1. HP: 18/18 MP: 3/3
   163 | D:1      | Reached XP level 2. HP: 12/25 MP: 5/5
   342 | D:1      | Reached skill level 1 in Armour
   367 | D:1      | HP: 1/25 [ball python (1)]
   369 | D:1      | Slain by a leopard gecko

Illustrated notes

Levels and vault maps discovered:
D:1:      erik_arrival_triangle_medium, layout_rooms, serial_forest,
          infiniplex_forest_lined_room_2, infiniplex_forest_clump_medium,
          infiniplex_forest_side_room, infiniplex_forest_lined_room_2,
          infiniplex_forest_lined_room_2, infiniplex_forest_clump_long,
          infiniplex_forest_straight_2, infiniplex_forest_clump_curved

Skill      XL: |  1  2 |
---------------+-------+-----
Armour         | 1 |  1.0
Fighting       | |  2.0
Long Blades    | |  2.1
Throwing       | |  0.6
Dodging        | |  1.7
Spellcasting   | |  2.0
Translocations | |  3.5

Action                   || total
-------------------------++-------
Melee: Falchion          ||    38
       Tailslap          ||     6
Armor: Leather armour    ||    42
Dodge: Dodged            ||    62
       Rpst.: Falchion   ||    17
